 Dungeon Crawl Stone Soup version 0.15.2 (webtiles) character file.

18 kae the Sneak (level 2, -5/13 HPs)
             Began as a Spriggan Enchanter on Dec 26, 2014.
             Slain by Terence
             ... wielding a +0 trident of freezing
              (6 damage)
             ... on Level 2 of the Dungeon.
             The game lasted 00:01:02 (1199 turns).

kae the Sneak (Spriggan Enchanter)                  Turns: 1199, Time: 00:01:02

HP  -5/13        AC  3     Str  4      XL: 2   Next: 51%
MP   3/7         EV 18     Int 16      God:
Gold 42          SH  0     Dex 16      Spells:  2 memorised,  3 levels left

rFire  . . .     SeeInvis +     a - +1 dagger
rCold  . . .     Clarity  .     b - +1 robe
rNeg   . . .     rCorr    .     (shield restricted)
rPois  .         rRot     .     (helmet restricted)
rElec  .         Spirit   .     (no cloak)
SustAb .         Warding  .     (gloves unavailable)
rMut   .         Stasis   .     (boots unavailable)
Gourm  +                        i - amulet of the gourmand
MR     .....                    (no ring)
                                h - ring of wizardry

@: very quick, not resistant to hostile enchantments, fairly stealthy
A: unfitting armour, see invisible, herbivore 3, speed 3, slow metabolism 2
a: no special abilities


You were on level 2 of the Dungeon.
You were not hungry.

You visited 1 branch of the dungeon, and saw 2 of its levels.

You collected 42 gold pieces.

Inventory:

Hand weapons
 a - a +1 dagger (weapon)
Armour
 b - a +1 robe (worn)
Scrolls
 e - a scroll of fog {unknown}
 g - a scroll of identify {unknown}
 j - a scroll of teleportation {unknown}
 l - a scroll of enchant armour {unknown}
 n - a scroll of fear {unknown}
Jewellery
 h - a ring of wizardry (left hand)
 i - an amulet of the gourmand (around neck)
Potions
 d - a potion of porridge
 f - a potion of brilliance {unknown}
 k - a potion of curing {unknown}
 m - a potion of might {unknown}
Books
 c - a book of Maledictions

   Spells                             Type                      Level
   *Corona                            Hexes                        1
   Sure Blade                         Hexes/Charms                 2
   *Ensorcelled Hibernation           Hexes/Ice                    2
   Confuse                            Hexes                        3
   Dazzling Spray                     Conjuration/Hexes            3
   Enslavement                        Hexes                        4


   Skills:
 * Level 1.5 Short Blades
 - Level 3.0 Dodging
 * Level 5.2 Stealth
 + Level 2.7 Spellcasting
 + Level 3.9 Hexes


You had 3 spell levels left.
You knew the following spells:

 Your Spells              Type           Power        Failure   Level  Hunger
a - Corona                Hex            ##.....      1%          1    #......
b - Ensorcelled Hibernat  Hex/Ice        #.....       6%          2    ##.....


Dungeon Overview and Level Annotations

Branches:
Dungeon (2/15)

Altars:

Annotations:
D:2 Terence


Innate Abilities, Weirdness & Mutations

You are tiny and cannot use many weapons and most armour.
You have supernaturally acute eyesight.
You are a herbivore.
You cover ground extremely quickly.
You need consume almost no food.


Message History

Terence is nearby!
You hit Terence but do no damage. Terence barely misses you.
Casting: Ensorcelled Hibernation
Confirm with . or Enter, or press ? or * to list all spells.
Aiming: Ensorcelled Hibernation
Press: ? - help, Shift-Dir - straight line, f - Terence
Aim: Terence, wielding a glowing trident and wearing a runed chain mail Terence resists with almost no effort.
Terence hits you with a glowing trident!
Ouch! That really hurt!
Terence freezes you.
* * * LOW HITPOINT WARNING * * *
Casting: Ensorcelled Hibernation
Confirm with . or Enter, or press ? or * to list all spells.
Aiming: Ensorcelled Hibernation
Press: ? - help, Shift-Dir - straight line, f/p - Terence
Aim: Terence, wielding a trident of freezing and wearing a runed chain mail Terence resists with almost no effort.
Terence hits you with a trident of freezing.
You die...

#.. #.# ####.# .......
###.## ### #.# #..
####### #.#
#.###.#.....# #.##
#.@@..#.....####...
#.#.#####.....+.##...
#.......#.....#(##.<.
####.##.#.....#.##...
......................
..#############.##.##
>.. #.##.# . #.##.#
#.##..


You could see Terence.

Vanquished Creatures
  An ooze (D:1)
  4 bats
  3 goblins (D:1)
  4 hobgoblins (D:1)
  A giant cockroach (D:1)
  A giant newt (D:1)
  A kobold (D:1)
  2 rats (D:1)
17 creatures vanquished.

Notes
Turn   | Place    | Note
--------------------------------------------------------------
     0 | D:1      | kae, the Spriggan Enchanter, began the quest for the Orb.
     0 | D:1      | Reached XP level 1. HP: 9/9 MP: 4/4
   490 | D:1      | Reached XP level 2. HP: 13/13 MP: 7/7
   494 | D:1      | Learned a level 2 spell: Ensorcelled Hibernation
   648 | D:1      | Reached skill level 5 in Stealth
  1195 | D:2      | Noticed Terence
  1199 | D:2      | Slain by Terence

Action                   || total
-------------------------++-------
Melee: Dagger            ||    58
 Cast: Corona            ||     1
       Ensorcelled Hiber ||     6
 Stab: Sleeping          ||     5
